 Dungeon Crawl Stone Soup version 0.29-a0-268-g5627465c62 (webtiles) character file.

Game seed: 4246265530324900130

2177 ouz the Covert (level 9, -4/49 HPs)
             Began as a Vine Stalker Brigand on Mar 7, 2022.
             Was a Follower of Wu Jian.
             Slain by an orc wizard
             ... wielding a +1 dagger of electrocution
              (20 damage)
             ... on level 7 of the Dungeon.
             The game lasted 00:10:46 (6590 turns).

ouz the Covert (Vine Stalker Brigand)               Turns: 6590, Time: 00:10:47

Health: -4/49      AC:  9    Str: 16    XL:     9   Next: 32%
Magic:  0/10       EV: 11    Int: 13    God:    Wu Jian [*.....]
Gold:   489        SH:  0    Dex: 16    Spells: 8/8 levels left

rFire   + . .      SeeInvis .   g - +4 dagger (venom)
rCold   . . .      Faith    .   (no shield)
rNeg    . . .      Spirit   +   m - +2 leather armour {rF+}
rPois   .          Reflect  .   u - +0 helmet
rElec   .          Harm     +   c - +1 cloak
rCorr   .          Rampage  .   o - +0 pair of gloves of Gehenna {Harm}
Will    +....                   (no boots)
Stlth   ++++......              (no amulet)
HPRegen 0.96/turn               (no ring)
MPRegen 0.12/turn               (no ring)

@: flying
A: fangs 3, regeneration 1, magic shield, antimagic bite, no potion heal 2
a: Renounce Religion


You were on level 7 of the Dungeon.
You worshipped Wu Jian.
Wu Jian was aware of your devotion.
You visited 2 branches of the dungeon, and saw 8 of its levels.
You also visited: Sewer.

You collected 489 gold pieces.

Inventory:

Hand Weapons
 a - a +2 dagger
 g - a +4 dagger of venom (weapon)
Missiles
 d - 20 poisoned darts (quivered)
 e - 3 curare-tipped darts
Armour
 b - a +0 robe
 c - a +1 cloak (worn)
 j - a +0 ring mail
 m - a +2 leather armour of fire resistance (worn)
 o - the +0 pair of gloves of Gehenna (worn) {Harm}
   (You found it on level 4 of the Dungeon)

   Harm:      It increases damage dealt and taken.
 u - a +0 helmet (worn)
Wands
 n - a wand of charming (11)
 p - a wand of iceblast (12)
Scrolls
 f - a scroll of noise
 h - a scroll of identify
 i - 2 scrolls of amnesia
 q - a scroll of fog
 r - a scroll of teleportation
Potions
 k - 2 potions of haste
 l - 3 potions of flight
 s - a potion of mutation {unknown}
 t - a potion of degeneration {unknown}


   Skills:
 + Level 6.6 Fighting
 + Level 6.7 Short Blades
 - Level 1.7 Throwing
 - Level 0.7 Dodging
 + Level 10.1 Stealth


You had 8 spell levels left.
You didn't know any spells.
Your spell library contained the following spells:

 Spells                   Type           Power      Damage    Failure   Level
 Foxfire                  Conj/Fire      0%         2x1d4     36%         1
 Corpse Rot               Necr/Air       0%         N/A       50%         2
 Poisonous Vapours        Pois/Air       0%         N/A       50%         2
 Static Discharge         Conj/Air       0%         N/A       50%         2
 Conjure Flame            Conj/Fire      0%         6-21      75%         3
 Inner Flame              Hex/Fire       0%         N/A       75%         3
 Dispel Undead            Necr           0%         3d6       98%         4
 Flame Wave               Conj/Fire      0%         2d4       98%         4
 Sticky Flame             Conj/Fire      0%         2d3       98%         4
 Freezing Cloud           Conj/Ice/Air   0%         6-21      100%        5
 Simulacrum               Ice/Necr       0%         N/A       100%        6
 Polar Vortex             Ice            0%         N/A       100%        9


Dungeon Overview and Level Annotations

Branches:
Dungeon (7/15)             Temple (1/1) D:5           Sewer (visited)

Altars:
Ashenzari
Cheibriados
Dithmenos
Elyvilon
Gozag
Hepliaklqana
Kikubaaqudgha
Makhleb
Nemelex Xobeh
Okawaru
Qazlal
Ru
Sif Muna
Trog
Uskayaw
Wu Jian
Xom
Yredelemnul
Zin
The Shining One

Shops:
D:2 :


Innate Abilities, Weirdness & Mutations

You have razor-sharp teeth.
Your natural rate of healing is unusually fast.
When hurt, damage is shared between your health and your magic reserves.
Your bite disrupts and absorbs the magic of your enemies.
Potions cannot restore your health.


Message History

The gnoll sergeant hits you with a +0 spear of flaming!
* * * LOW HITPOINT WARNING * * *
The gnoll sergeant burns you.
* * * LOW HITPOINT WARNING * * *
The orc closely misses you. The orc attacks as you move away!
The orc hits you but does no damage.
The gnoll sergeant attacks as you move away!
The gnoll sergeant closely misses you.
The gnoll sergeant hits you from afar with a +0 spear of flaming.
* * * LOW HITPOINT WARNING * * *
The gnoll sergeant burns you.
* * * LOW HITPOINT WARNING * * *
Things that are here:
a +0 flail; a gnoll corpse The gnoll sergeant completely misses you.
There are monsters nearby!
There are monsters nearby!
There are monsters nearby!
There are monsters nearby!
The gnoll sergeant barely misses you.
You see here 23 stones.
You hear some strange, mumbled words.
A puff of flame appears from out of thin air!
The puff of flame misses you.
The gnoll sergeant hits you from afar with a +0 spear of flaming!
* * * LOW HITPOINT WARNING * * *
The gnoll sergeant burns you.
* * * LOW HITPOINT WARNING * * *
Something hits you but does no damage. The gnoll sergeant barely misses you.
You spin and attack the orc repeatedly.
You hit the orc. You bite the orc. You drain its power.
You feel invigorated.
The orc is severely wounded.
You barely miss the orc. You bite the orc.
You kill the orc!
The Council accepts your kill. Something hits you but does no damage.
Something hits you but does no damage.
The gnoll sergeant hits you but does no damage.
Something hits you but does no damage.
You are electrocuted!!
You die...

##########.#.. #.#.#
#.#.# #.#.# ###.#.#
#.....# ######.....#
...........#
.........#@# ##
.......#.#{#####..
.......#.#gg...#.#
#####..#..g.)..#.####.
.....................
####..#.......#.####.
#..#..†..#.#.#
#........#.#.######
##.#.##.....†......


You could see a gnoll sergeant and 2 gnolls.

Vanquished Creatures
  Joseph (D:7)
  Prince Ribbit (D:7)
  A steam dragon (D:6)
  Edmund (D:6)
  An orc warrior (D:6)
  A sky beast (D:6)
  An ice beast (D:6)
  An ogre (D:6)
  A phantom (D:6)
  Blork the orc (D:4)
  2 bullfrogs
  A scorpion (D:6)
  A howler monkey (D:6)
  A jelly (D:5)
  2 orc priests
  2 hounds
  Natasha (thrice) (D:2)
  An iguana (D:6)
  A merfolk siren (Sewer)
  4 orc wizards (D:3)
  A merfolk avatar (Sewer)
  A hound zombie (D:3)
  6 adders
  7 gnolls
  2 river rats (Sewer)
  A shadow imp (D:5)
  A white imp (D:6)
  An ufetubus (D:5)
  A worm (D:2)
  3 dart slugs
  22 orcs
  4 endoplasms
  5 giant cockroaches
  5 goblins
  7 hobgoblins
  4 jackals
  4 kobolds
  7 quokkas
  8 ball pythons
  5 bats
  5 frilled lizards
  A giant cockroach zombie (D:3)
  22 rats
151 creatures vanquished.

Vanquished Creatures (others)
  2 plants (D:3)
2 creatures vanquished.

Grand Total: 153 creatures vanquished

Notes
Turn   | Place    | Note
-------+----------+-------------------------------------------
     0 | D:1      | ouz the Vine Stalker Brigand began the quest for the Orb.
     0 | D:1      | Reached XP level 1. HP: 11/11 MP: 2/2
   610 | D:1      | Reached XP level 2. HP: 15/15 MP: 3/3
  1162 | D:2      | Found Ceugar's Book Shop.
  1244 | D:2      | Reached skill level 5 in Stealth
  1244 | D:2      | Reached XP level 3. HP: 19/19 MP: 4/4
  1556 | D:2      | Noticed Natasha
  1572 | D:2      | Killed Natasha
  1745 | D:2      | Gained mutation: Your natural rate of healing is unusually
                  | fast. [Vine Stalker growth]
  1745 | D:2      | Reached XP level 4. HP: 23/23 MP: 5/5
  2077 | D:2      | Noticed Natasha
  2083 | D:2      | Killed Natasha
  2100 | D:2      | Noticed Natasha
  2111 | D:2      | Killed Natasha
  2112 | D:2      | Reached XP level 5. HP: 24/28 MP: 4/6
  2308 | D:3      | Found a faded altar of an unknown god.
  2570 | D:3      | Found a sacrificial altar of Ru.
  2581 | D:3      | Reached skill level 6 in Stealth
  2719 | D:3      | Reached XP level 6. HP: 25/32 MP: 4/7
  2851 | D:3      | Found a basalt altar of Yredelemnul.
  3734 | D:4      | Identified the +0 pair of gloves of Gehenna {Harm}
  3866 | D:4      | Found a glowing drain.
  3898 | Sewer    | Entered a sewer
  4380 | D:4      | Noticed Blork the orc
  4395 | D:4      | Killed Blork the orc
  4396 | D:4      | Reached skill level 7 in Stealth
  4396 | D:4      | Reached XP level 7. HP: 31/37 MP: 8/8
  4450 | D:5      | Entered Level 5 of the Dungeon
  4518 | D:5      | Found an opulent altar of Gozag.
  4636 | D:5      | Found a staircase to the Ecumenical Temple.
  4655 | Temple   | Entered the Ecumenical Temple
  4835 | Temple   | Became a worshipper of the Wu Jian Council
  5071 | D:5      | Found a hide-covered altar of Uskayaw.
  5072 | D:5      | Found a shimmering altar of Xom.
  5863 | D:6      | Found a sparkling altar of Nemelex Xobeh.
  5960 | D:6      | Noticed Edmund
  6054 | D:6      | Reached skill level 5 in Fighting
  6054 | D:6      | Reached skill level 5 in Short Blades
  6054 | D:6      | Reached skill level 8 in Stealth
  6054 | D:6      | Gained mutation: You have razor-sharp teeth. [Vine Stalker
                  | growth]
  6054 | D:6      | Reached XP level 8. HP: 43/43 MP: 9/9
  6058 | D:6      | Killed Edmund
  6066 | D:6      | Reached * piety under Wu Jian
  6344 | D:6      | Reached skill level 9 in Stealth
  6471 | D:7      | Noticed Prince Ribbit
  6474 | D:7      | Noticed Joseph
  6480 | D:7      | Killed Prince Ribbit
  6481 | D:7      | Reached XP level 9. HP: 48/48 MP: 10/10
  6485 | D:7      | Killed Joseph
  6486 | D:7      | Reached skill level 10 in Stealth
  6590 | D:7      | Slain by an orc wizard

Illustrated notes

Levels and vault maps discovered:
D:1:      spicycebolla_arrival_xxxplode, layout_basic
D:2:      layout_basic, serial_shops, shop, kennysheep_pointless_box,
          uniq_natasha
D:3:      layout_loops_corners, lemuel_zombie_altar_yredelemnul,
          mainiacjoe_overflow_24_doors,
          shapermc_ecumenical_altar_mp_urbaneastern, serial_aquarium,
          aquarium_bridge_island_large [aquarium_subvault_large_water,
          aquarium_subvault_window, aquarium_subvault_bridge,
          aquarium_subvault_wall, aquarium_subvault_wall],
          aquarium_bridge_long_separate [aquarium_subvault_window,
          aquarium_subvault_bridge, aquarium_subvault_balcony,
          aquarium_subvault_bridge, aquarium_subvault_wall,
          aquarium_subvault_bridge], aquarium_window_corner, aquarium_window_2,
          aquarium_window_corner, aquarium_view_2c, aquarium_view_2f,
          aquarium_balcony_double_4, aquarium_pool_2
D:4:      layout_basic, cheibrodos_sewer_entry_drain, serial_curves,
          eino_curves_01, eino_curves_04, uniq_blork_the_orc
D:5:      layout_loops_corners, mainiacjoe_overflow_divided_tiny,
          grunt_gozag_breadcrumbs, minmay_temple_entry_arrows
D:6:      layout_rooms, nemelex_diamond_rough_becter, uniq_edmund
D:7:      layout_basic, uniq_joseph, uniq_prince_ribbit1
Temple:   eino_narrow_crystal_temple

Skill      XL: |  1  2  3  4  5  6  7  8  9 |
---------------+----------------------------+-----
Fighting       | 2 3 4 5 6 |  6.6
Short Blades   | 2 3 4 5 6 |  6.7
Stealth        | 5 6 7 8 9 10 | 10.1
Throwing       | |  1.7
Dodging        | |  0.7

Action                   |  1- 3 |  4- 6 |  7- 9 || total
-------------------------+-------+-------+-------++-------
Melee: Dagger            |    66 |   230 |   140 ||   436
       Bite              |    16 |    62 |    43 ||   121
       Punch             |       |     1 |     3 ||     4
Invok: Lunge             |       |       |    10 ||    10
       Whirlwind         |       |       |     2 ||     2
  Use: Potion            |       |     4 |     1 ||     5
       Scroll            |       |     8 |     3 ||    11
 Stab: Sleeping          |     6 |    14 |    10 ||    30
       Distracted        |       |     1 |     2 ||     3
Armor: Robe              |    11 |       |       ||    11
       Ring mail         |     5 |    65 |     3 ||    73
       Leather armour    |       |       |    35 ||    35
Dodge: Dodged            |    42 |    77 |    52 ||   171

Table legend: (Time is in decaauts)
 A = Elapsed time spent in this place.
 B = Non-inter-level travel time spent in this place.
 C = Inter-level travel time spent in this place.
 D = Time resting spent in this place.
 E = Time spent auto-exploring this place.
 F = Levels seen in this place.
 G = Mean time per level.
                   A        B        C        D        E       F      G
               +--------+--------+--------+--------+--------+-----+--------+
         Total |   6558 |   6138 |    420 |    430 |   4457 |   9 |  728.7 |
       Dungeon |   5877 |   5475 |    402 |    403 |   4130 |   7 |  839.6 |
        Temple |    199 |    181 |     18 |      0 |    172 |   1 |  199.0 |
         Sewer |    481 |    481 |      0 |     27 |    154 |   1 |  481.0 |
               +--------+--------+--------+--------+--------+-----+--------+

Top non-repeatable levels by time:
     D:3: 1293 daAuts
     D:2: 1204 daAuts
     D:5: 1037 daAuts
     D:1: 1016 daAuts
     D:6: 736 daAuts
   Sewer: 481 daAuts
     D:4: 453 daAuts
  Temple: 199 daAuts
     D:7: 134 daAuts
